 Dungeon Crawl Stone Soup version 0.31-a0-149-g3fdcc5976a (webtiles) character file.

Game seed: 677751958948143472

40 comborobin the Sneak (level 3, -4/22 HPs)
             Began as a Deep Elf Delver on June 7, 2023.
             Slain by a wyvern (11 damage)
             ... on level 5 of the Dungeon.
             The game lasted 00:01:01 (175 turns).

comborobin the Sneak (Deep Elf Delver)               Turns: 175, Time: 00:01:01

Health: -4/22      AC:  3    Str:  9    XL:     3   Next: 30%
Magic:  5/5        EV: 12    Int: 16    God:
Gold:   0          SH:  0    Dex: 16    Spells: 2/2 levels left

rFire   . . .        a - +0 short sword
rCold   . . .        (no shield)
rNeg    . . .        b - +0 leather armour
rPois   .            (no helmet)
rElec   .            (no cloak)
rCorr   .            (no gloves)
SInv    .            (no boots)
Will    .....        (no amulet)
Stlth   +++          (no ring)
HPRegen 0.23/turn    (no ring)
MPRegen 0.09/turn

%: no passive effects
@: hasted, very quick
A: no striking features
a: no special abilities


You were on level 5 of the Dungeon.
You visited 1 branch of the dungeon, and saw 2 of its levels.

Inventory:

Hand Weapons
 a - a +0 short sword (weapon)
Armour
 b - a +0 leather armour (worn)
Wands
 g - a wand of digging (3)
Scrolls
 c - a scroll of fog
 d - a scroll of magic mapping


   Skills:
 - Level 2.4 Fighting
 - Level 2.0 Short Blades
 + Level 3.0 Throwing
 - Level 2.4 Dodging
 - Level 6.0 Stealth


You had 2 spell levels left.
You didn't know any spells.
Your spell library was empty.

Dungeon Overview and Level Annotations

Branches:
Dungeon (6/15)
 Temple: D:4-7

Altars:


Message History

Unknown command.
Unknown command.
Throw: 2 darts (poison)
Press: ? - help, Q - select action Shift-Dir - straight line, f/p - wyvern
Aim: a wyvern (lightly wounded, fleeing, 62% to hit)
You throw a poisoned dart. The poisoned dart hits the wyvern!
The wyvern is poisoned.
Your attack snaps the wyvern out of its fear.
The wyvern is lightly wounded.
Unknown command.
Throw: dart (poison)
Press: ? - help, Q - select action Shift-Dir - straight line, f/p - wyvern
Aim: a wyvern (very poisoned, 62% to hit)
You throw a poisoned dart. The poisoned dart hits the wyvern!
The wyvern looks as sick as possible!
Unknown command.
Unknown command.
Unknown command.
Unknown command.
Okay, then.
You aren't carrying any potions.
Unknown command.
The wyvern hisses menacingly.
You hit the wyvern but do no damage.
The wyvern is moderately wounded.
You barely miss the wyvern.
The wyvern is moderately wounded.
The wyvern bites you.
You hit the wyvern.
The wyvern is moderately wounded.
The wyvern bites you.
You closely miss the wyvern.
The wyvern is heavily wounded.
The wyvern bites you. The wyvern attacks as you move away!
The wyvern bites you.
* * * LOW HITPOINT WARNING * * *
The wyvern attacks as you move away! The wyvern misses you.
The wyvern bites you!
Ouch! That really hurt!
You die...

.### #..... #...#
... #...... #.###
#.. #..# #.###.#
#.. #..# #...##
.#..#####..# ##.##
.(.........## #.#
....(.......# #.#
##..##.####.# #l#
#.. #†# ##.## #@#
#.. #.# #...###.#
..o #.##.###.##.#
o#.. ..... #....#
.#o.##.##.###.####
#.. #.# #...## #.#
###.### #?#
#.....#
#.###.#.#.#####


You could see a wyvern (very poisoned).

Vanquished Creatures
  A hound (D:5)
  An adder (D:5)
2 creatures vanquished.

Notes
Turn   | Place    | Note
-------+----------+-------------------------------------------
     0 | D:5      | comborobin the Deep Elf Delver began the quest for the Orb.
     0 | D:5      | Reached XP level 1. HP: 13/13 MP: 3/3
    19 | D:5      | Noticed a hound
    37 | D:5      | Killed a hound
    38 | D:5      | Reached XP level 2. HP: 15/18 MP: 4/4
    38 | D:5      | Reached XP level 3. HP: 19/22 MP: 5/5
   140 | D:5      | Noticed a wyvern
   175 | D:5      | Slain by a wyvern

Illustrated notes

Levels and vault maps discovered:
D:5:      layout_loops_ring, grunt_temple_overflow_growth_and_decay
D:6:      layout_loops_ring, lightli_temple_of_fire,
          mainiacjoe_overflow_24_doors, st_stairs_4, minmay_crossroads,
          uniq_grinder

Skill      XL: |  1  2  3 |
---------------+----------+-----
Throwing       | 2 3 |  3.0
Fighting       | |  2.4
Short Blades   | |  2.0
Dodging        | |  2.4
Stealth        | |  6.0

Action                     || total
---------------------------++-------
  Melee: Short sword       ||    20
  Throw: Dart              ||    10
    Use: Scroll            ||     1
         Potion            ||     1
 Armour: Leather armour    ||     5
  Dodge: Dodged            ||    15

Table legend: (Time is in decaauts)
 A = Elapsed time spent in this place.
 B = Non-inter-level travel time spent in this place.
 C = Inter-level travel time spent in this place.
 D = Time resting spent in this place.
 E = Time spent auto-exploring this place.
 F = Levels seen in this place.
 G = Mean time per level.
                   A        B        C        D        E       F      G
               +--------+--------+--------+--------+--------+-----+--------+
         Total |    162 |    162 |      0 |     16 |     37 |   2 |   81.0 |
       Dungeon |    162 |    162 |      0 |     16 |     37 |   2 |   81.0 |
               +--------+--------+--------+--------+--------+-----+--------+

Top non-repeatable levels by time:
     D:5: 159 daAuts
     D:6: 3 daAuts
